 Dungeon Crawl Stone Soup version 0.28.0-53-g5a82cb258f (webtiles) character file.

Game seed: 4381409057223032810

64 Zeld the Chopper (level 3, -5/51 HPs)
             Began as a Minotaur Berserker on May 28, 2022.
             Was a Believer of Trog.
             Killed from afar by Sigmund (9 damage)
             ... with a magic dart
             ... on level 2 of the Dungeon.
             The game lasted 00:00:55 (1523 turns).

Zeld the Chopper (Minotaur Berserker)               Turns: 1523, Time: 00:00:55

Health: -5/51      AC:  2    Str: 23    XL:     3   Next: 91%
Magic:  2/2        EV: 12    Int:  4    God:    Trog [**....]
Gold:   67         SH:  0    Dex:  9    Spells: 2/2 levels left

rFire   . . .      SeeInvis .   a - +0 hand axe
rCold   . . .      Faith    .   (no shield)
rNeg    . . .      Spirit   .   b - +0 animal skin
rPois   .          Reflect  .   (helmet restricted)
rElec   .          Harm     .   (no cloak)
rCorr   .          Rampage  .   (no gloves)
Will    .....                   (no boots)
Stlth   ..........              (no amulet)
HPRegen 0.17/turn               (no ring)
MPRegen 0.08/turn               (no ring)

@: berserking, very quick
A: horns 2, retaliatory headbutt
a: Renounce Religion, Berserk, Trog's Hand


You were on level 2 of the Dungeon.
You worshipped Trog.
Trog was pleased with you.
You visited 1 branch of the dungeon, and saw 2 of its levels.

You collected 67 gold pieces.

Inventory:

Hand Weapons
 a - a +0 hand axe (weapon)
Armour
 b - a +0 animal skin (worn)
Scrolls
 c - a scroll of magic mapping {unknown}
 d - a scroll of enchant armour {unknown}
 e - 2 scrolls of identify {unknown}
 g - a scroll of silence {unknown}
 h - a scroll of teleportation {unknown}
 i - a scroll of blinking {unknown}
 j - a scroll of torment {unknown}
Potions
 f - a potion of attraction {unknown}


   Skills:
 * Level 4.5 Fighting
 * Level 4.5 Axes
 + Level 3.0 Armour
 + Level 2.8 Dodging


You had 2 spell levels left.
You didn't know any spells.
Your spell library was empty.

Dungeon Overview and Level Annotations

Branches:
Dungeon (2/15)

Altars:

Annotations:
D:2 Sigmund


Innate Abilities, Weirdness & Mutations

You have a pair of horns on your head.
You reflexively headbutt those who attack you in melee.


Message History

The giant cockroach bites you but does no damage.
A giant cockroach is nearby!
You hit the giant cockroach but do no damage.
You headbutt the giant cockroach.
You kill the giant cockroach!
Trog accepts your kill.
Your Armour skill increases to level 3!
You see here a giant cockroach corpse.
Sigmund the Dreaded comes into view.
He is wielding a +2 scythe of freezing and carrying a wand of flame (9).
Sigmund is nearby!
Sigmund drinks a potion.
Sigmund's spells are empowered!
Sigmund is nearby!
A bat comes into view.
Found a scroll labelled JYWOKYI SANEWE.
Sigmund hits you with a +2 scythe of freezing!
Sigmund freezes you. The bat barely misses you.
A red film seems to cover your vision as you go berserk!
You feel yourself moving faster!
You feel mighty! The bat closely misses you. You furiously retaliate!
You headbutt the bat!
You kill the bat!
Trog accepts your kill.
Sigmund hits you with a +2 scythe of freezing!
Sigmund freezes you.
You closely miss Sigmund. You headbutt Sigmund!!
Sigmund is severely wounded.
Unknown command.
You barely miss Sigmund.
Sigmund is severely wounded.
Sigmund gestures at you while chanting. The puff of flame hits you!
* * * LOW HITPOINT WARNING * * *
Unknown command.
You barely miss Sigmund.
Sigmund is severely wounded.
Unknown command.
You hit Sigmund.
Sigmund is almost dead.
Sigmund points at you and mumbles some strange words.
The magic dart hits you!
You die...

.#.# #..#.#.# .#.#
#..#.#.### ...#
#..#..... .#.###..#.#.##
.............#
...###.##.#..###.##
..........†.......#
#..###.#.###.######.##.#
...#............@@.....#
##.#.#.#.....####†#.##.#
#.. #.#.##### .# #..
#.#. .# .. .. ?# .#
#.#.# .# #.#.#


You could see Sigmund (empowered).

Vanquished Creatures
  2 adders (D:2)
  2 dart slugs (D:1)
  4 endoplasms
  3 giant cockroaches
  2 goblins
  6 hobgoblins
  2 jackals (D:1)
  3 kobolds
  A quokka (D:1)
  6 ball pythons
  4 bats
  4 frilled lizards (D:1)
  A rat (D:1)
40 creatures vanquished.

Notes
Turn   | Place    | Note
-------+----------+-------------------------------------------
     0 | D:1      | Zeld the Minotaur Berserker began the quest for the Orb.
     0 | D:1      | Reached XP level 1. HP: 19/19 MP: 0/0
   176 | D:1      | Reached XP level 2. HP: 22/27 MP: 1/1
   465 | D:1      | Found a faded altar of an unknown god.
   652 | D:1      | Reached ** piety under Trog
   805 | D:1      | Reached XP level 3. HP: 32/33 MP: 2/2
  1514 | D:2      | Noticed Sigmund
  1523 | D:2      | Killed from afar by Sigmund

Illustrated notes

Levels and vault maps discovered:
D:1:      minmay_arrival_up_and_down, layout_loops_ring,
          chequers_ecumenical_altar_simple_redux
D:2:      layout_basic, uniq_sigmund

Skill      XL: |  1  2  3 |
---------------+----------+-----
Fighting       | 4 |  4.5
Axes           | 4 |  4.5
Armour         | 3 |  3.0
Dodging        | |  2.8

Action                   || total
-------------------------++-------
Melee: Hand axe          ||    71
       Headbutt          ||    10
Invok: Berserk           ||     1
Armor: Animal skin       ||    12
Dodge: Dodged            ||    44
